 Dungeon Crawl Stone Soup version 0.21.1-1-g345015f (webtiles) character file.

772 kae the Insei (level 7, -4/57 HPs)
             Began as a Grey Draconian Transmuter on May 15, 2018.
             Slain by a bullfrog zombie (5 damage)
             ... on level 5 of the Dungeon.
             The game lasted 00:06:17 (6554 turns).

kae the Insei (Grey Draconian Transmuter)           Turns: 6554, Time: 00:06:18

Health: -4/57      AC:  2    Str: 13    XL:     7   Next: 53%
Magic:  10/12      EV: 19    Int: 13    God:
Gold:   299        SH:  0    Dex: 18    Spells: 2/13 levels left

rFire    . . .     SeeInvis .     - Unarmed
rCold    . . .     Gourm    .   (shield currently unavailable)
rNeg     . . .     Faith    .   (armour unavailable)
rPois    x         Spirit   .   (helmet currently unavailable)
rElec    .         Reflect  .   (cloak currently unavailable)
rCorr    .         Harm     .   (gloves currently unavailable)
MR       .....                  (boots currently unavailable)
Stlth    ++........             (no amulet)
HPRegen  0.19/turn              p - ring of wizardry
MPRegen  0.13/turn              (no ring)

@: spider-form (expiring)
A: tiny, (walk through water), unfitting armour, AC +11
a: End Transformation


You were on level 5 of the Dungeon.
You were hungry.
You were a venomous arachnid creature.
You visited 1 branch of the dungeon, and saw 5 of its levels.

You collected 299 gold pieces.

Inventory:

Missiles
 a - 73 arrows
Armour
 e - a +2 cloak (melded)
Jewellery
 p - a ring of wizardry (left front leg)
Wands
 m - a wand of digging (10)
 r - a wand of flame (22)
Scrolls
 h - 4 scrolls of identify
 i - 4 scrolls of teleportation
 j - a scroll of enchant armour
 k - 2 scrolls of remove curse
 l - a scroll of enchant weapon
 o - 2 scrolls of amnesia
Potions
 d - 3 potions of degeneration
 f - a potion of curing
 n - a potion of heal wounds {unknown}
 q - 2 potions of flight
 s - 4 potions of brilliance
 t - a potion of lignification {unknown}
Books
 b - a book of Changes

   Spells                             Type                      Level
   a - Beastly Appendage              Transmutation                1
   b - Sticks to Snakes               Transmutation                2
   c - Spider Form                    Transmutation/Poison         3
   d - Ice Form                       Ice/Transmutation            4
   e - Blade Hands                    Transmutation                5
Comestibles
 c - 11 rations
 g - 5 chunks of flesh


   Skills:
 + Level 3.6 Fighting
 - Level 1.7 Dodging
 * Level 5.7 Unarmed Combat
 + Level 3.6 Spellcasting
 * Level 5.2 Transmutations


You had 2 spell levels left.
You knew the following spells:

 Your Spells              Type           Power        Failure   Level  Hunger
a - Beastly Appendage     Tmut           ###...       4%          1    #......
b - Sticks to Snakes      Tmut           ###.....     4%          2    ##.....
c - Spider Form           Tmut/Pois      #.........   19%         3    ###....
d - Blade Hands           Tmut           ###.......   43%         5    ######.


Dungeon Overview and Level Annotations

Branches:
Dungeon (5/15)
 Temple: D:4-7

Altars:
Ashenzari
Dithmenos
Fedhas
Kikubaaqudgha
Qazlal
Trog
Zin

Annotations:
D:5 1 transporter


Innate Abilities, Weirdness & Mutations

((You can walk through water.))
((Your dull iron-grey scales are very hard. (AC +11)))
You cannot fit into any form of body armour.
((You can survive without breathing.))
((You are cold-blooded and may be slowed by cold attacks.))


Message History

The orc misses you.
You hit the orc.
The orc is lightly wounded.
The orc closely misses you. The orc completely misses you.
You hit the orc but do no damage.
The orc is severely wounded.
The orc completely misses you. The orc closely misses you.
You barely miss the orc.
The orc is lightly wounded.
The bullfrog zombie hits you!
* * * LOW HITPOINT WARNING * * *
The orc hits you with a hand axe!
* * * LOW HITPOINT WARNING * * *
The orc hits you.
* * * LOW HITPOINT WARNING * * *
You bite the bullfrog zombie!
The bullfrog zombie is moderately damaged.
You kill the orc!
The bullfrog zombie hits you.
You die...

......#.#.≈≈♣≈≈
........#5≈≈≈≈≈.#..#.#
........#5≈...≈.#..#.#.
........#o≈.%.≈5#......
##......####+####..#o#
#######.#P..?..≈#.... #
#.#8P$©$P8#o# #
#.#########)# #
#.....©...so# #
#####......Z......
###########..#.###......
#............#.# ##.###
#.############.# #
..############.#
.............#.#
#.##.#######.#.# #.##.#
#.#..


You could see an orc priest, 2 shadow imps, 2 orcs and a bullfrog zombie.

Vanquished Creatures
  The ghost of vatarom the Slasher, an amateur DsGl (D:3)
  A howler monkey (D:5)
  A hound (D:5)
  4 orc priests
  Jessica (D:2)
  3 orc wizards
  3 worker ants
  Robin (D:3)
  4 gnolls (D:5)
  6 adders
  An ooze (D:1)
  5 worms
  2 dart slugs
  18 orcs
  A ball python (D:5)
  19 bats
  2 giant cockroaches
  14 hobgoblins
  9 jackals
  A quokka (D:5)
  2 frilled lizards
  29 goblins
  A jackal skeleton (D:5)
  13 kobolds
  A quokka zombie (D:5)
  7 rats
150 creatures vanquished.

Vanquished Creatures (others)
  A goblin (D:3)
1 creature vanquished.

Grand Total: 151 creatures vanquished

Notes
Turn   | Place    | Note
-------+----------+-------------------------------------------
     0 | D:1      | kae the Draconian Transmuter began the quest for the Orb.
     0 | D:1      | Reached XP level 1. HP: 16/16 MP: 3/3
    66 | D:1      | Reached XP level 2. HP: 23/23 MP: 5/5
   382 | D:1      | Reached XP level 3. HP: 19/28 MP: 4/6
   907 | D:2      | Learned a level 2 spell: Sticks to Snakes
   911 | D:2      | Learned a level 3 spell: Spider Form
  1042 | D:2      | Found a shattered altar of Ashenzari.
  1293 | D:2      | Found a stormy altar of Qazlal.
  1293 | D:2      | Found a shadowy altar of Dithmenos.
  1310 | D:2      | Noticed Jessica
  1334 | D:2      | Killed Jessica
  1334 | D:2      | Reached XP level 4. HP: 11/36 MP: 3/7
  2399 | D:3      | Found an ancient bone altar of Kikubaaqudgha.
  2447 | D:3      | Reached XP level 5. HP: 20/41 MP: 1/9
  3032 | D:3      | Noticed Robin
  3313 | D:3      | Killed Robin
  3375 | D:3      | Reached XP level 6. HP: 18/50 MP: 7/10
  3631 | D:3      | Found a glowing silver altar of Zin.
  3957 | D:3      | Noticed vatarom's ghost (amateur DsGl)
  4246 | D:2      | Learned a level 5 spell: Blade Hands
  4443 | D:3      | Killed vatarom's ghost
  4443 | D:3      | Reached skill level 5 in Unarmed Combat
  4793 | D:4      | Found a blossoming altar of Fedhas.
  5115 | D:4      | Your scales start taking on a dull iron-grey colour.
  5115 | D:4      | Reached XP level 7. HP: 46/57 MP: 6/12
  5115 | D:4      | Gained mutation: You can survive without breathing. [Grey Draconian growth]
  5421 | D:4      | Noticed a moth of wrath
  5424 | D:4      | Found a bloodstained altar of Trog.
  6115 | D:5      | Entered Level 5 of the Dungeon
  6322 | D:5      | Reached skill level 5 in Transmutations
  6524 | D:5      | Found a transporter.
  6553 | D:5      | HP: 2/57 [orc/hand axe (7)]
  6554 | D:5      | Slain by a bullfrog zombie

Skill      XL: |  1  2  3  4  5  6  7 |
---------------+----------------------+-----
Transmutations | 3 4 5 |  5.2
Fighting       | 2 3 |  3.6
Unarmed Combat | 4 5 |  5.7
Spellcasting   | 3 |  3.6
Dodging        | |  1.7

Action                   |  1- 3 |  4- 6 |  7- 9 || total
-------------------------+-------+-------+-------++-------
Melee: Unarmed           |   163 |   251 |   102 ||   516
       Tailslap          |     8 |    19 |     6 ||    33
       Headbutt          |     3 |     6 |       ||     9
       Punch             |     2 |     4 |     1 ||     7
       Kick              |     4 |     3 |       ||     7
 Cast: Beastly Appendage |    12 |    10 |       ||    22
       Spider Form       |     1 |     9 |    13 ||    23
       Blade Hands       |       |     1 |       ||     1
  Use: Scroll            |       |    12 |     1 ||    13
       Potion            |       |       |     1 ||     1
 Stab: Sleeping          |     1 |     2 |     1 ||     4
  Eat: Chunk             |     2 |    11 |     6 ||    19
       Ration            |       |     1 |       ||     1
Armor: Skin              |    75 |    92 |    19 ||   186
Dodge: Dodged            |   140 |   215 |    76 ||   431
